[Event "*** Titled Tuesday Blitz"]
[Site "Chess.com"]
[Date "2018.01.02"]
[Round "10"]
[White "pandamaster3000"]
[Black "TregubovP"]
[Result "0-1"]
[WhiteElo "2255"]
[BlackElo "2487"]
[TimeControl "180+2"]
[EndTime "15:12:16 PST"]
[Termination "TregubovP won by resignation"]

1. e4 c5 2. Nf3 e6 3. d4 cxd4 4.
Nxd4 Nc6 5. Nc3 Nf6 6. Ndb5 Bb4 7. Nd6+ Ke7 8. Nxc8+ Rxc8 9. Bd3 h6 10. O-O Qc7 11.
Bd2 Rhd8 12. Qe2 a6 13. a3 Bc5 14. Kh1 Kf8 15. f4 d6 16. Rae1 Kg8 17. g4 Nd4 18. Qd1 d5 19. e5 Nd7 20. Ne2 Qc6 21. c3 Nxe2 22. Qxe2 Bf8 23. Bc2 Nc5 24. Kg1 d4 25. cxd4 Rxd4 26. Be3 Rdd8 27. Rd1 Na4 28. Bxa4 Qxa4 29.
Rc1 Qe4 30. Kf2 Be7 31. Kg3 Rxc1 32. Rxc1 Rd3 33. Rc3 Rxc3 34. bxc3 Bc5 35. Kf2 Qxf4+ 36. Qf3 Bxe3+ 0-1

[Event "*** Titled Tuesday Blitz"]
[Site "Chess.com"]
[Date "2018.01.02"]
[Round "10"]
[White "Ginger_GM"]
[Black "Indianlad"]
[Result "1-0"]
[WhiteElo "2498"]
[BlackElo "2636"]
[TimeControl "180+2"]
[EndTime "15:12:27 PST"]
[Termination "Ginger_GM won on time"]

1. d4 Nf6 2. c4 e6 3. Nf3 d5 4. Nc3 c6 5. Bg5 h6 6. Bh4 Be7 7. e3 b6 8. Qc2 Bb7 9. O-O-O Nbd7 10. Ne5 Nxe5 11. dxe5 Nd7 12. Bg3 a6 13. e4 dxc4 14. Bxc4 b5 15. Be2 Qc7 16. f4 O-O 17. Kb1 c5 18.
Nd5 exd5 19. exd5 Bxd5 20. Rxd5 Nb6 21. Rdd1 c4 22. f5 Bc5 23. f6 Qc8 24. fxg7 Re8 25.
Rhf1 Ra7 26. Rf6 Kxg7 27. Bf4 Rh8 28. Qc1 Kf8 29. Bh5 Ke8 30. e6 c3 31. Qxc3 1-0

[Event "*** Titled Tuesday Blitz"]
[Site "Chess.com"]
[Date "2018.01.02"]
[Round "10"]
[White "ckgchess"]
[Black "Incognito_Knight"]
[Result "0-1"]
[WhiteElo "2483"]
[BlackElo "2547"]
[TimeControl "180+2"]
[EndTime "15:12:33 PST"]
[Termination "Incognito_Knight won by resignation"]

1. e4 e5 2. Nc3 Nc6 3. g3 Bc5 4. Bg2 Nf6 5. Nge2 O-O 6. O-O a6 7. h3 d6 8. Kh2 Be6 9. f4 Nd4 10. f5 Bd7 11. d3 b5 12. a3 a5 13. g4 b4 14. Nb1 h6 15. Nxd4 Bxd4 16. Nd2 c6 17. axb4 axb4 18. Rxa8 Qxa8 19. Nb3 Bb6 20. h4 h5 21. g5 Ng4+ 22. Kg3 g6 23. Bh3 Ne3 24.
Bxe3 Bxe3 25. Kf3 Bf4 26. Nc1 gxf5 27. exf5 c5+ 28. Kf2 c4 29. Qxh5 Qa7+ 30. Kg2 Bc6+ 31. Rf3 Bxc1 32. f6 Bxf3+ 33. Kxf3 Qe3+ 34. Kg2 Qd2+ 35. Kg1 Qe1+ 36. Kg2 Be3 37. Bf5 Qf2+ 38. Kh3 Qxf5+ 0-1

[Event "*** Titled Tuesday Blitz"]
[Site "Chess.com"]
[Date "2018.01.02"]
[Round "10"]
[White "Kimster98"]
[Black "sergeikim"]
[Result "0-1"]
[WhiteElo "2457"]
[BlackElo "2363"]
[TimeControl "180+2"]
[EndTime "15:12:35 PST"]
[Termination "sergeikim won by resignation"]

1. d4 Nf6 2. c4 g6 3. Nc3 Bg7 4. e4 d6 5. Nf3 O-O 6. Be2 e5 7.
O-O exd4 8. Nxd4 Re8 9. f3 Nbd7 10. Be3 c6 11. Bf2 a5 12. Qd2 a4 13. Rad1 Qa5 14.
Nc2 Re6 15. Nd4 Re8 16. Nc2 Re6 17. Rfe1 Nc5 18. Bf1 Nfd7 19. Nd4 Re8 20. Rb1 Ne5 21. b4 axb3 22. axb3 Qb4 23. Red1 h6 24. Nc2 Nxf3+ 25. gxf3 Qxc3 26. Qxc3 Bxc3 27. Rxd6 Ne6 28. Be3 Be5 29. Rdd1 Ra2 30. Rbc1 Nf4 31. Nb4 Ne2+ 32. Bxe2 Rxe2 33.
Rd2 Rxe3 34. Nd3 Bd4 35. Kg2 c5 36. Nf4 Rxb3 37. Nd5 Be6 38. Ra2 Kg7 39. Ra7 Rb2+ 40. Kg3 g5 41. f4 Bxd5 42. cxd5 Rxe4 43. fxg5 hxg5 44. Rf1 Rb3+ 45. Kg2 Re2+ 46. Kh1 Rbb2 0-1

[Event "*** Titled Tuesday Blitz"]
[Site "Chess.com"]
[Date "2018.01.02"]
[Round "10"]
[White "TenisMaster"]
[Black "AkshatChandra"]
[Result "0-1"]
[WhiteElo "2703"]
[BlackElo "2705"]
[TimeControl "180+2"]
[EndTime "15:12:53 PST"]
[Termination "AkshatChandra won by resignation"]

1. e4 Nc6 2. Nf3 d6 3. d4 Nf6 4. Nc3 g6 5. h3 Bg7 6. Be2 O-O 7.
O-O e5 8. dxe5 Nxe5 9. Nxe5 dxe5 10. Qxd8 Rxd8 11. Bc4 c6 12. a4 Rd4 13. b3 Nxe4 14.
Nxe4 Rxe4 15. Be3 Bf5 16. g4 Rxc4 17. bxc4 Bxc2 18. Rfc1 e4 19. Ra2 Bd3 20. a5 a6 21.
Ra4 Rd8 22. Rb4 Rd7 23. c5 Be5 24. g5 Kf8 25. Rd1 Ke7 26. Rc1 Ke6 27. Kg2 Kf5 28.
Rd1 Bc3 29. Ra4 Rd5 30. Rc1 Be5 31. Rb4 Bb5 32. Rc2 Rd1 33. Rc1 Rd3 34. Rc2 Ra3 35. Rc1 Rxa5 36. Rd1 Be2 37. Re1 Bc3 38. Rxe2 Bxb4 39.
Rc2 Rb5 40. Rc4 a5 41. Rd4 Bxc5 42. Rd7 Ke6 43. Rd8 Bxe3 44. fxe3 Rb6 45. Kg3 a4 46.
Re8+ Kd5 47. Re7 a3 0-1

[Event "*** Titled Tuesday Blitz"]
[Site "Chess.com"]
[Date "2018.01.02"]
[Round "10"]
[White "TheBigBoss04"]
[Black "Dr-Bassem"]
[Result "1-0"]
[WhiteElo "2514"]
[BlackElo "2630"]
[TimeControl "180+2"]
[EndTime "15:12:56 PST"]
[Termination "TheBigBoss04 won on time"]

1. d4 f5 2. Bg5 Nf6 3. Nc3 d5 4. Bxf6 exf6 5. e3 Be6 6. Bd3 Nc6 7. a3 Qd7 8. Qf3 Ne7 9. h4 h5 10. Nge2 g6 11. Nf4 Bf7 12. O-O-O c6 13. Na4 Nc8 14. Nc5 Bxc5 15. dxc5 Qe7 16. b4 b6 17. Qg3 Rg8 18.
cxb6 axb6 19. Kb2 Nd6 20. c3 c5 21. Ra1 Qe5 22. Ne2 Kd7 23. a4 Rgc8 24. Rhd1 cxb4 25. Qxe5 fxe5 26. cxb4 Nc4+ 27. Kb1 Ke7 28. Rc1 d4 29. exd4 e4 30. Bxc4 Bxc4 31. Nf4 Kf6 32. Kb2 g5 33. hxg5+ Kxg5 34. g3 h4 35. d5 hxg3 36. fxg3 Kg4 37. Rc3 Ba6 38. Rac1 Rxc3 39. Rxc3 Rh8 40. b5 Bb7 41. d6 Rd8 42. Rc7 Kxg3 43. Ne6 Rxd6 44. Ng7 Rd2+ 45. Kc1 Rf2 46. Rxb7 e3 47. Rxb6 Rf1+ 48.
Kc2 f4 49. Nf5+ Kg4 50. Nxe3+ fxe3 51. Re6 Kf3 52. b6 Rf2+ 53. Kc3 Rf1 54. a5 Rb1 55. a6 e2 56. a7 Ra1 57. b7 Ra6 58. a8=Q Rxe6 59.
b8=Q+ Kf2 60. Qf8+ Kg3 61. Qaf3+ 1-0

[Event "*** Titled Tuesday Blitz"]
[Site "Chess.com"]
[Date "2018.01.02"]
[Round "10"]
[White "Kirill_Klukin"]
[Black "oskariot"]
[Result "1-0"]
[WhiteElo "2455"]
[BlackElo "2380"]
[TimeControl "180+2"]
[EndTime "15:12:58 PST"]
[Termination "Kirill_Klukin won by resignation"]

1. Nf3 d5 2. d4 Bf5 3. c4 e6 4. Nc3 Nc6 5. a3 Nf6 6. e3 Bd6 7. cxd5 exd5 8. Bb5 O-O 9. O-O Ne7 10. Bd3 c6 11. Bxf5 Nxf5 12. b4 Qd7 13. Ne5 Qe6 14. Nd3 Kh8 15. b5 g5 16. bxc6 bxc6 17.
Nc5 Qc8 18. h3 Rg8 19. Qf3 g4 20. hxg4 Nxg4 21. Bb2 Bh2+ 22. Kh1 Rg6 23. g3 h5 24. e4 Nfh6 25. exd5 h4 26. dxc6 hxg3 27. fxg3 f5 28.
d5 Kh7 29. Ne2 Qg8 30. Nf4 Rg5 31. Nce6 Nf7 32. Nxg5+ Nxg5 33. Qd3 Qf7 34. Ne6 Kg6 35.
Nxg5 Kxg5 36. Rae1 Bxg3 37. Qxg3 Qxd5+ 38. Qf3 Qf7 39. Qf4+ Kg6 40. Qxg4+ fxg4 41. Rxf7 Kxf7 42. c7 Rc8 43. Be5 Ke6 44. Bg3+ Kd5 45. Rd1+ Kc6 46.
Rd8 Kb7 47. a4 1-0

[Event "*** Titled Tuesday Blitz"]
[Site "Chess.com"]
[Date "2018.01.02"]
[Round "10"]
[White "DanielNaroditsky"]
[Black "GGuseinov"]
[Result "1/2-1/2"]
[WhiteElo "2810"]
[BlackElo "2737"]
[TimeControl "180+2"]
[EndTime "15:12:59 PST"]
[Termination "Game drawn by repetition"]

1. d4 Nf6 2. Nc3 d6 3. e4 g6 4. Be2 Bg7 5. Nf3 O-O 6. O-O Bg4 7. Be3 Nc6 8. h3 Bxf3 9. Bxf3 e5 10. dxe5 dxe5 11.
Qxd8 Rfxd8 12. Nb5 Ne8 13. c3 a6 14. Na3 Bf8 15. Nc4 Nd6 16. Nd2 Be7 17. Rfd1 h5 18. g3 Kg7 19. h4 Na5 20. Be2 Nc6 21. a4 a5 22. Bb5 Na7 23. Be2 Nc6 24. f3 b6 25. Nc4 Nb7 26. Rd5 Bc5 27. Rad1 Rxd5 28.
Rxd5 Bxe3+ 29. Nxe3 Nc5 30. Bb5 Na7 31. b4 axb4 32. cxb4 Nxb5 33. axb5 Ne6 34. Rxe5 Ra1+ 35. Kf2 Ra2+ 36. Kf1 Ra1+ 37. Kf2 Ra2+ 38. Kf1 Ra1+ 39. Ke2 Ra2+ 40. Kd3 Ra3+ 41. Kd2 Nd4 42. Rd5 Nxf3+ 43. Ke2 Ng1+ 44. Kf2 Nh3+ 45. Ke2 Ng1+ 46. Kf2 Nh3+ 47. Ke2 Ng1+ 48. Kf2 Nh3+ 49. Ke2 Ng1+ 50.
Kf2 Nh3+ 51. Ke2 Ng1+ 1/2-1/2

[Event "*** Titled Tuesday Blitz"]
[Site "Chess.com"]
[Date "2018.01.02"]
[Round "10"]
[White "Vamostodorecto"]
[Black "ChessicallyInclined"]
[Result "1/2-1/2"]
[WhiteElo "2339"]
[BlackElo "2219"]
[TimeControl "180+2"]
[EndTime "15:12:59 PST"]
[Termination "Game drawn by agreement"]

1. d4 d5 2. c4 e6 3. Nc3 Nf6 4. cxd5 exd5 5. Bg5 Be7 6. e3 c6 7. Bd3 Nbd7 8. Qc2 h6 9. Bh4 Nh5 10. Bxe7 Qxe7 11. Nge2 Nb6 12. O-O-O Bd7 13. Ng3 Nxg3 14. hxg3 O-O-O 15. Kb1 Kb8 16. Rc1 g6 17. Na4 Nxa4 18. Qxa4 c5 19. Qa3 Qf6 20. Qxc5 Qxf2 21. Qxd5 Qxe3 22.
Qd6+ Ka8 23. Bc2 Bf5 24. Qf6 Bxc2+ 25. Rxc2 Qxg3 26. Rhc1 Qd3 27. Ka1 a6 28. Rc7 Rhe8 29. Qb6 Rb8 30. Rxf7 Qc2 31. Rb1 Qxg2 32. a3 Qd5 33.
Rg7 Re6 34. Qb4 h5 35. Rc1 Rf6 36. Qc5 Qxc5 37. Rxc5 h4 38. Rh7 Rf4 39. d5 g5 40.
d6 Rd4 41. Rxg5 Rxd6 42. Rxh4 Rc8 43. Rh7 Rb6 1/2-1/2

[Event "*** Titled Tuesday Blitz"]
[Site "Chess.com"]
[Date "2018.01.02"]
[Round "10"]
[White "VeraNebolsina"]
[Black "TST2014"]
[Result "1-0"]
[WhiteElo "2310"]
[BlackElo "2289"]
[TimeControl "180+2"]
[EndTime "15:13:07 PST"]
[Termination "VeraNebolsina won by checkmate"]

1. e4 c5 2. Nf3 Nc6 3. Bb5 g6 4. Bxc6 dxc6 5. d3 Bg7 6. h3 Nf6 7. Nc3 O-O 8. Bf4 Nd7 9. Qd2 e5 10. Bh6 Re8 11. Bxg7 Kxg7 12. O-O Nf6 13. Qe3 b6 14.
Nh2 Nh5 15. Ne2 Qh4 16. f4 f5 17. fxe5 Rxe5 18. Nf3 Qe7 19. Nxe5 Qxe5 20. Qf3 Nf6 21. exf5 Bxf5 22. Rae1 Qxb2 23. g4 Be6 24. Qxc6 Bd5 25.
Qc7+ Kg8 26. d4 Rf8 27. Rxf6 Rxf6 28. Qd8+ Kg7 29. Qxd5 Qxc2 30. dxc5 bxc5 31. Qe5 h6 32. Rf1 Qxe2 33. Qxe2 Rxf1+ 34. Qxf1 h5 35. g5 h4 36. Qf6+ Kh7 37. Qf7+ Kh8 38. Qxg6 c4 39. Qf7 c3 40. g6 c2 41. Qh7# 1-0

[Event "*** Titled Tuesday Blitz"]
[Site "Chess.com"]
[Date "2018.01.02"]
[Round "10"]
[White "Hanging_pointer"]
[Black "Superfelix"]
[Result "1/2-1/2"]
[WhiteElo "2262"]
[BlackElo "2347"]
[TimeControl "180+2"]
[EndTime "15:13:10 PST"]
[Termination "Game drawn by agreement"]

1. e4 c6 2. Nf3 g6 3. Nc3 d5 4.
d4 dxe4 5. Nxe4 Nf6 6. Nxf6+ exf6 7. Bc4 Bg7 8. O-O O-O 9. c3 a5 10. Re1 Na6 11. h3 Nc7 12. a4 Nd5 13. Qb3 Nb6 14. Bd3 Be6 15. Qc2 Nd5 16. Nd2 Re8 17. Ne4 b6 18. b3 Qc7 19. Ba3 Rad8 20. Rad1 Nf4 21. Ng3 Nxd3 22. Rxd3 h5 23. Rde3 Qd7 24. b4 axb4 25.
Bxb4 f5 26. Nf1 Bd5 27. a5 bxa5 28. Bxa5 Ra8 29. Rxe8+ Rxe8 30. Qd2 Rxe1 31. Qxe1 f4 32. Nd2 g5 33. Bb4 g4 34. hxg4 hxg4 35. Qe7 Qxe7 36.
Bxe7 Kh7 37. Bd6 Bh6 38. f3 f5 39. Kf2 Kg6 40. Ke2 Kf6 41. Kd3 Ba2 42. c4 Ke6 43.
Bb8 gxf3 44. gxf3 Bg5 45. Kc3 Bh4 46. Bxf4 Be1 47. Kb2 Bxd2 48. Bxd2 Bxc4 49. Kc3 Bd5 50. f4 Kf6 51. Kb4 Kg6 52. Kc5 Kh5 53. Bc1 Kg4 54. Bd2 Kf3 55. Bc1 Ke2 56. Kb4 Kd3 57.
Kc5 Kc2 58. Be3 Kd3 59. Bf2 Ke2 60. Bh4 Kf3 61. Bg5 Kg4 62. Bh6 Kh5 63. Bg5 Kg6 64.
Bd8 Kh5 65. Bc7 Kg4 66. Be5 Kf3 67. Bd6 Ke4 68. Be5 Kd3 1/2-1/2

[Event "*** Titled Tuesday Blitz"]
[Site "Chess.com"]
[Date "2018.01.02"]
[Round "10"]
[White "gkchesstiger"]
[Black "Muracle"]
[Result "1-0"]
[WhiteElo "2666"]
[BlackElo "2529"]
[TimeControl "180+2"]
[EndTime "15:13:24 PST"]
[Termination "gkchesstiger won by checkmate"]

1. d4 g6 2. Nf3 Bg7 3. c3 d6 4. e4 Nd7 5. h3 e5 6. Bd3 Ne7 7. O-O O-O 8. Re1 c5 9. dxe5 Nxe5 10. Nxe5 dxe5 11. Bc4 Qc7 12. Nd2 a6 13. a4 Rb8 14.
a5 Nc6 15. Nb3 Rd8 16. Qe2 Bf8 17. Bg5 Be7 18. Be3 Na7 19. Qf3 Bf8 20. Bg5 Re8 21. Red1 Be6 22. Bxe6 Rxe6 23. Rd5 c4 24. Nd2 b6 25. axb6 Rexb6 26. Be3 Rxb2 27. Rxa6 Nb5 28. Bg5 Rc2 29. Bf6 Qb7 30. Bxe5 Qxa6 31. Bxb8 Nxc3 32. Rd8 Qb6 33. Rxf8+ Kxf8 34. Bf4 Qe6 35. Kh2 Nb5 36. Qe3 Qd7 37. Qc5+ Kg8 38. Nf3 h6 39. Ne5 Qe8 40. Ng4 Kg7 41. Be5+ f6 42. Bxf6+ Kh7 43. Be5 Qe6 44. Qxb5 h5 45. Qb7+ Kg8 46. Qg7# 1-0

[Event "*** Titled Tuesday Blitz"]
[Site "Chess.com"]
[Date "2018.01.02"]
[Round "10"]
[White "GM_dmitrij"]
[Black "EndgameGrinder"]
[Result "0-1"]
[WhiteElo "2608"]
[BlackElo "2488"]
[TimeControl "180+2"]
[EndTime "15:13:24 PST"]
[Termination "EndgameGrinder won by checkmate"]

1. e4 c5 2. Nf3 e6 3. d4 cxd4 4. Nxd4 Nc6 5. Nc3 Qc7 6. Be3 a6 7. Qf3 d6 8. O-O-O Bd7 9. g4 Rc8 10. Kb1 b5 11. Nxc6 Bxc6 12. Bd3 Nf6 13. h4 h5 14. gxh5 Rxh5 15. Bg5 Rh8 16. Bxf6 gxf6 17. Qxf6 Rh6 18. Qf4 b4 19. Ne2 Bb5 20. Rc1 Bg7 21. Rhg1 Rf6 22. Bxb5+ axb5 23. Qg5 Rg6 24. Qxb5+ Ke7 25. Rxg6 fxg6 26. Nf4 Bh6 27. Nxg6+ Kf7 28. Qh5 Bxc1 29. Nf4+ Kg8 30. Qg6+ Kh8 31. Qh5+ Kg8 32.
Qg5+ Kh7 33. Qg6+ Kh8 34. Qf6+ Kh7 35. Qg6+ Kh8 36. Qh6+ Kg8 37. Qxe6+ Kh7 38. Qf5+ Kg8 39. Qg5+ Kh7 40. Qg6+ Kh8 41. Qf6+ Kg8 42. Ne6 Qxc2+ 43. Ka1 Bxb2+ 44. Qxb2 Qd1+ 45. Qb1 Rc1 46. Qxc1 Qxc1# 0-1

[Event "*** Titled Tuesday Blitz"]
[Site "Chess.com"]
[Date "2018.01.02"]
[Round "10"]
[White "Korchmar_Vasiliy"]
[Black "BillieKimbah"]
[Result "1-0"]
[WhiteElo "2579"]
[BlackElo "2684"]
[TimeControl "180+2"]
[EndTime "15:13:29 PST"]
[Termination "Korchmar_Vasiliy won by resignation"]

1. d4 Nf6 2. Nf3 d5 3. Bf4 c5 4. e3 Nc6 5. Nbd2 cxd4 6. exd4 Qb6 7. Nb3 Bg4 8. c3 e6 9. Be2 Be7 10. O-O O-O 11. h3 Bh5 12. a4 a6 13. a5 Qd8 14. Ne5 Nxe5 15. Bxe5 Bg6 16. Bd3 Nd7 17. Bxg6 hxg6 18. Bh2 b5 19. Nc1 b4 20. cxb4 Bxb4 21. Qa4 Be7 22. Nd3 Nf6 23. Rfc1 Ne4 24. Rc6 Ra7 25.
Rac1 Bd6 26. Bxd6 Nxd6 27. Ne5 Nb5 28. g3 Ra8 29. h4 g5 30. h5 g4 31. Nxg4 Qg5 32. Qd1 Qf5 33. Ne5 Qe4 34. Nf3 Qg4 35. h6 gxh6 36. Kg2 Kg7 37. Qd2 Qg6 38. Rh1 Rfc8 39. Rb6 Rc2 40. Qe3 Rac8 41. Rh4 Rxb2 42. Ne5 Qf6 43. Rf4 Qg5 44. Rxf7+ Kg8 45. Qxg5+ hxg5 46.
Rbb7 Nd6 47. Rg7+ Kf8 48. Ng6+ 1-0

[Event "*** Titled Tuesday Blitz"]
[Site "Chess.com"]
[Date "2018.01.02"]
[Round "10"]
[White "nicegg"]
[Black "aquiles88"]
[Result "1/2-1/2"]
[WhiteElo "1994"]
[BlackElo "2056"]
[TimeControl "180+2"]
[EndTime "15:13:32 PST"]
[Termination "Game drawn by repetition"]

1. e4 g6 2. d4 Bg7 3. Nc3 d6 4. Be2 Nd7 5. Be3 a6 6. h4 h6 7. h5 g5 8. f4 gxf4 9. Bxf4 e5 10. Be3 exd4 11. Bxd4 Qg5 12. Nf3 Qg3+ 13. Kf1 Bxd4 14. Qxd4 Ngf6 15. Nd5 Rg8 16. Rg1 Nxd5 17. exd5 Ne5 18.
Re1 Rg4 19. Qc3 Re4 20. Bb5+ axb5 21. Rxe4 Bf5 22. Rxe5+ dxe5 23. Qxc7 Rc8 24. Qxe5+ Qxe5 25. Nxe5 Rxc2 26. g4 Be4 27. Rg3 Bxd5 28. Re3 Be6 29. Nd3 Kf8 30. Rg3 Bc4 31. Kg1 Bxd3 32. Rxd3 Rxb2 33. Rd5 Rxa2 34. Rxb5 Ra4 35. g5 hxg5 36. Rxg5 Ra2 37. Rb5 Ra7 38. Kg2 Kg7 39. Kg3 Ra6 40.
Kg4 Ra4+ 41. Kg5 Ra6 42. Rxb7 Ra5+ 43. Kg4 Ra4+ 44. Kg5 Ra5+ 45. Kg4 Ra4+ 46. Kg5 Ra5+ 47. Kg4 1/2-1/2

[Event "*** Titled Tuesday Blitz"]
[Site "Chess.com"]
[Date "2018.01.02"]
[Round "10"]
[White "JordiQC"]
[Black "tomsishere"]
[Result "0-1"]
[WhiteElo "1885"]
[BlackElo "2285"]
[TimeControl "180+2"]
[EndTime "15:13:33 PST"]
[Termination "tomsishere won by resignation"]

1. e4 c5 2. Nc3 a6 3. f4 b5 4. d3 Bb7 5. Nf3 e6 6. g3 d5 7.
Qe2 b4 8. Nd1 Nf6 9. Nf2 Nc6 10.
Bg2 Be7 11. O-O O-O 12. b3 Qc7 13. Bb2 d4 14. Nd2 a5 15. Nc4 a4 16. Rae1 axb3 17. axb3 Ra2 18. Ra1 Rfa8 19. Rxa2 Rxa2 20. Ra1 Rxa1+ 21.
Bxa1 Na5 22. Nd2 e5 23. f5 Nc6 24. Qd1 Qa5 25. Bb2 Ba6 26. Qa1 Qb6 27. h3 Nd7 28. Bc1 Bg5 29. Nf3 Bxc1 30. Qxc1 Qa5 31. Nd1 Qa3 32. Qb1 Na7 33. Nd2 Nb6 34. Nb2 Nc6 35. Nbc4 Nxc4 36. Nxc4 Bxc4 37. dxc4 d3 38. cxd3 Nd4 39.
Bf1 Nxb3 40. Qd1 Nd4 41. f6 Ne6 42. fxg7 Qc3 43. h4 b3 44. Bh3 Qd4+ 45. Kh2 b2 46. Bxe6 fxe6 47. Qb3 Qf2+ 48. Kh3 Qf1+ 49. Kg4 b1=Q 50.
Qa4 Qbd1+ 0-1

[Event "*** Titled Tuesday Blitz"]
[Site "Chess.com"]
[Date "2018.01.02"]
[Round "10"]
[White "Andrejs_Sokolov"]
[Black "comedy_of_errors"]
[Result "1-0"]
[WhiteElo "2627"]
[BlackElo "2589"]
[TimeControl "180+2"]
[EndTime "15:13:38 PST"]
[Termination "Andrejs_Sokolov won by resignation"]

1. d4 Nf6 2. Nf3 g6 3. g3 Bg7 4. Bg2 O-O 5. O-O d6 6. Re1 Nc6 7. e4 e5 8. c3 Bd7 9. Nbd2 Re8 10. d5 Ne7 11. a4 a5 12. Nc4 Rf8 13. b4 axb4 14.
cxb4 b5 15. Na5 bxa4 16. Qd3 c6 17. dxc6 Nxc6 18. Bd2 Nxa5 19. bxa5 Bc6 20. Bb4 Qd7 21. Qxd6 Qxd6 22. Bxd6 Rfd8 23. Bxe5 Re8 24. Nd4 Bxe4 25. Bxf6 Bxf6 26. Rxe4 Rxe4 27. Bxe4 Re8 28. Bc6 Bxd4 29. Rxa4 Re1+ 30. Kg2 Ba7 31. a6 Re2 32. Rf4 Kg7 33.
Kf1 Ra2 34. Rxf7+ Kxf7 35. Bd5+ Kf6 36. Bxa2 g5 37. Ke2 Ke5 38. Kf3 h5 39. h4 gxh4 40. gxh4 Kf5 41. Bf7 Kf6 42. Bxh5 Kf5 43. Be8 Kf6 44.
Kg3 Bd4 45. f4 Kf5 46. Bd7+ Kg6 47. Kg4 Kf6 48. Bb5 Kg6 49. Bd3+ Kf6 50. h5 Kg7 51.
Kg5 Bf6+ 52. Kf5 Bd4 53. Ke4 Ba7 54. Kd5 Kh6 55. Be2 Be3 56. Kc6 1-0

[Event "*** Titled Tuesday Blitz"]
[Site "Chess.com"]
[Date "2018.01.02"]
[Round "10"]
[White "Abrito99"]
[Black "ViktorMatviishen"]
[Result "0-1"]
[WhiteElo "2389"]
[BlackElo "2328"]
[TimeControl "180+2"]
[EndTime "15:13:48 PST"]
[Termination "ViktorMatviishen won by resignation"]

1. e4 c5 2. d4 cxd4 3. c3 d3 4. Bxd3 Nc6 5. c4 g6 6. Nf3 Bg7 7. O-O d6 8. h3 Nf6 9. Nc3 O-O 10. Be3 Nd7 11. Rc1 a5 12. Bb1 Nc5 13. Qe2 a4 14. Rfd1 Qa5 15. Nd5 Rb8 16. Nd4 Re8 17. Nb5 Be6 18. f4 Bxd5 19. exd5 Na7 20. Nd4 e5 21. dxe6 Nxe6 22. Nxe6 Rxe6 23. f5 gxf5 24. Qf2 Rbe8 25. Bb6 Qb4 26. Bxa7 Re2 27. Qxf5 Qxb2 28. Bf2 R8e6 29.
Qxh7+ Kf8 30. Qh4 Rf6 31. Bg3 Rxg2+ 32. Kh1 Qe2 33. Re1 Qf3 34. Be4 Qxg3 35. Qxg3 Rxg3 36.
Bxb7 Rxh3+ 37. Kg2 Ra3 38. Bc6 Rxa2+ 39. Kg3 Rg6+ 40. Kf4 Be5+ 41. Ke4 Rg4+ 42. Kf3 Rg3+ 43. Ke4 f5+ 44. Kd5 Rd2+ 45. Ke6 Rg6+ 46. Kd7 Rg7+ 47. Ke6 Re7+ 48. Kxf5 Rf2+ 49. Ke4 Bc3+ 50. Kd5 0-1

[Event "*** Titled Tuesday Blitz"]
[Site "Chess.com"]
[Date "2018.01.02"]
[Round "10"]
[White "ChainsOfFantasia"]
[Black "Bryakin_Mikhail"]
[Result "0-1"]
[WhiteElo "2452"]
[BlackElo "2539"]
[TimeControl "180+2"]
[EndTime "15:13:49 PST"]
[Termination "Bryakin_Mikhail won by checkmate"]

1. d4 d5 2. c4 c6 3. Nf3 Nf6 4. Nc3 a6 5. c5 Nbd7 6. Bf4 Nh5 7. Bd2 g6 8. g3 Bg7 9. Bg2 O-O 10.
O-O e5 11. Nxe5 Nxe5 12. dxe5 Bxe5 13. Bh6 Ng7 14. e4 dxe4 15. Nxe4 Bf5 16. Nd6 Bxd6 17. cxd6 Qd7 18. Re1 Be6 19. Be4 Rad8 20. Qd4 f6 21. Rad1 Rf7 22. Bc2 Bd5 23. Bb3 Nf5 24.
Qf4 g5 25. Bxg5 fxg5 26. Qxg5+ Rg7 27. Rxd5 cxd5 28. Bxd5+ Kh8 29. Qf6 Qxd6 30. Qxf5 Re7 31. Rxe7 Qxe7 32. Bb3 Rf8 33. Qc2 Qe5 34. Kg2 Rd8 35.
h4 a5 36. a4 Kg7 37. Qc4 Rf8 38. Qg4+ Kh8 39. Bc2 Qxb2 40. Qe4 Qg7 41. Qd5 Qf7 42.
Qe4 Qxf2+ 43. Kh3 Qf1+ 44. Kg4 Rg8+ 45. Kh5 Qf7+ 46. Kh6 Rg6+ 47. Kh5 Rxg3+ 48. Kh6 Rg6+ 49. Kh5 Re6+ 50. Qg6 hxg6+ 51. Kh6 Qf6 52. h5 gxh5+ 53.
Kxh5 Re5+ 54. Bf5 Rxf5+ 55. Kg4 Qg6+ 56. Kh4 Rh5# 0-1

[Event "*** Titled Tuesday Blitz"]
[Site "Chess.com"]
[Date "2018.01.02"]
[Round "10"]
[White "mokerslag"]
[Black "milovanratkovic"]
[Result "1/2-1/2"]
[WhiteElo "2375"]
[BlackElo "2459"]
[TimeControl "180+2"]
[EndTime "15:13:49 PST"]
[Termination "Game drawn - insufficient material"]

1. e4 c6 2. d4 d5 3. Nc3 dxe4 4. Nxe4 Bf5 5. Ng3 Bg6 6. Nf3 e6 7. h4 h6 8. h5 Bh7 9. Bd3 Bxd3 10. Qxd3 Nf6 11. Bf4 Qa5+ 12. Bd2 Bb4 13. c3 Be7 14. c4 Bb4 15. Qb3 Na6 16. O-O-O Bxd2+ 17. Rxd2 b5 18. c5 Nb4 19. a3 Nbd5 20. Ne5 Qc7 21. Qd3 a5 22. b3 O-O 23. Ne2 Rfd8 24. f4 b4 25. a4 Nc3 26. g4 Nfe4 27. Nxc3 bxc3 28. Rg2 Nxc5 29. Qxc3 Ne4 30. Qd3 Qb6 31. Qxe4 Qxb3 32. Rhh2 Rab8 33. Rb2 Qc3+ 34. Rhc2 Qa3 35. Nxc6 Rxb2 36.
Rxb2 Rc8 37. Kb1 Kh8 38. d5 exd5 39. Qxd5 Qxa4 40. Ne5 Qxf4 41. Nxf7+ Kh7 42. Qf5+ Qxf5+ 43. gxf5 Rc5 44. Rf2 Rd5 45. f6 gxf6 46. Rxf6 Kg7 47. Rxh6 Kxf7 48. Rh7+ Kg8 49. Ra7 Rxh5 50. Ka2 Kf8 51.
Ka3 Ke8 52. Ka4 Kd8 53. Rxa5 Rxa5+ 54. Kxa5 1/2-1/2

[Event "*** Titled Tuesday Blitz"]
[Site "Chess.com"]
[Date "2018.01.02"]
[Round "10"]
[White "ZapataCharlesS"]
[Black "GMKrikor"]
[Result "1-0"]
[WhiteElo "2657"]
[BlackElo "2671"]
[TimeControl "180+2"]
[EndTime "15:13:57 PST"]
[Termination "ZapataCharlesS won on time"]

1. e4 e5 2. Nf3 Nc6 3. d4 exd4 4. Bc4 Nf6 5. O-O Nxe4 6. Nc3 Nxc3 7. bxc3 d5 8. Bb5 Be7 9. Ne5 Bd7 10. Nxd7 Qxd7 11.
cxd4 O-O 12. c3 Bd6 13. Qf3 a6 14. Bd3 Ne7 15. Re1 Rae8 16. Bg5 c6 17. g3 Ng6 18. Bf5 Qc7 19. h4 Ne7 20. Bd3 Qd7 21. a4 f5 22. h5 g6 23. Bh6 Rf7 24. Ra2 Nc8 25. Rxe8+ Qxe8 26. c4 Bf8 27. Bg5 Qd7 28. c5 Be7 29. Be3 Bf6 30. Rb2 Qe8 31. hxg6 hxg6 32. g4 Bg7 33. Kg2 Qd7 34. g5 Ne7 35. Qf4 Rf8 36.
Qd6 Qxd6 37. cxd6 Nc8 38. d7 Nd6 39. Bf4 Nf7 40. Rxb7 Bxd4 41. Bxa6 Be5 42. Bxe5 Nxe5 43. f4 Nf7 44. Rc7 Nd8 45. Bb7 Kf7 46. a5 Ke7 47. a6 Nxb7 48. axb7 Rb8 49. Rc8 1-0

[Event "*** Titled Tuesday Blitz"]
[Site "Chess.com"]
[Date "2018.01.02"]
[Round "10"]
[White "SergeiAza"]
[Black "rasool78"]
[Result "1/2-1/2"]
[WhiteElo "2648"]
[BlackElo "2330"]
[TimeControl "180+2"]
[EndTime "15:14:00 PST"]
[Termination "Game drawn by repetition"]

1. e4 g6 2. d4 Bg7 3. Nf3 c5 4. Nc3 cxd4 5. Nxd4 Nc6 6. Be3 Nf6 7. Bc4 d6 8. f3 Qb6 9. Nf5 Qxb2 10. Nxg7+ Kf8 11.
Nd5 Nxd5 12. Bxd5 Kxg7 13. O-O Qc3 14. Qc1 h5 15. Rb1 Qa5 16. Qb2+ f6 17. f4 Qc7 18. Kh1 h4 19. h3 Rb8 20. c4 b6 21. e5 dxe5 22.
fxe5 Nxe5 23. Bd4 Bf5 24. Rxf5 gxf5 25. Qe2 Ng6 26. Qe6 Rbf8 27. Qxf5 Qf4 28. Qd3 Qg3 29. Qd2 e5 30. Bf2 Qg5 31. Be3 Nf4 32. Rf1 Rd8 33. a4 Rd6 34. Rxf4 exf4 35. Bxf4 Rxd5 36. cxd5 Qf5 37.
d6 Rd8 38. Qf2 Qh5 39. Kh2 Rd7 40. Qc2 Qd5 41. Qc8 Rxd6 42. Qg4+ Kf7 43. Bxd6 Qxd6+ 44. Kh1 Qg3 45. Qd7+ Kg6 46. Qxa7 Qe1+ 47. Kh2 Qg3+ 48. Kh1 Qe1+ 49. Kh2 Qg3+ 50. Kh1 Qe1+ 51. Kh2 Qg3+ 52. Kh1 Qe1+ 53. Kh2 Qg3+ 54. Kh1 1/2-1/2